 Dungeon Crawl Stone Soup version 0.29.1-2-gbd0b4ee654 (webtiles) character file.

Game seed: 918832725691372796

3712 KittyFluff the Basher (level 10, -5/61 HPs)
             Began as a Gargoyle Berserker on Nov 23, 2022.
             Was an Elder of Trog.
             Slain by an orc warrior
             ... wielding a +0 halberd
              (16 damage)
             ... on level 7 of the Dungeon.
             The game lasted 00:41:25 (10032 turns).

KittyFluff the Basher (Gargoyle Berserker)         Turns: 10032, Time: 00:41:26

Health: -5/61      AC: 29    Str: 23    XL:     10   Next: 14%
Magic:  10/10      EV: 14    Int: 14    God:    Trog [****..]
Gold:   412        SH:  0    Dex: 17    Spells: 9/9 levels left

rFire   + . .      SeeInvis .   d - +2 flail (protect)
rCold   . . .      Faith    .   (no shield)
rNeg    + . .      Spirit   .   D - +0 swamp dragon scales
rPois   ∞          Reflect  .   c - +2 helmet
rElec   +          Harm     .   k - +0 cloak
rCorr   .          Rampage  .   v - +0 pair of gloves
Will    .....                   (no boots)
Stlth   ++........              m - amulet of the acrobat
HPRegen 0.20/turn               b - ring of protection from fire
MPRegen 0.12/turn               t - ring of Ignis, Crafting {*Slow +Blink Fly Int+6 Dex+6}

@: under a protective aura, on berserk cooldown, flying, slowed, very slow
A: sickness immunity, AC +7, negative energy resistance 1, electricity
resistance, torment resistance 1, petrification resistance
a: Renounce Religion, Evoke Blink, Berserk, Trog's Hand, Brothers in Arms


You were on level 7 of the Dungeon.
You worshipped Trog.
Trog was greatly pleased with you.
You visited 1 branch of the dungeon, and saw 7 of its levels.
You also visited: Bailey.

You collected 412 gold pieces.

Inventory:

Hand Weapons
 a - a +1 mace
 d - a +2 flail of protection (weapon)
 x - a +2 whip of electrocution
Missiles
 g - 27 poisoned darts (quivered)
 h - 2 boomerangs
Armour
 c - a +2 helmet (worn)
 i - a +0 leather armour
 k - a +0 cloak (worn)
 v - a +0 pair of gloves (worn)
 D - +0 swamp dragon scales (worn)
Jewellery
 b - a ring of protection from fire (left hand)
 f - a ring of fire
 m - an amulet of the acrobat (around neck)
 t - the ring of Ignis, Crafting (right hand) {*Slow +Blink Fly Int+6 Dex+6}
   (You found it on level 4 of the Dungeon)

   [ring of intelligence]

   Int:       It affects your intelligence (+6).
   Dex:       It affects your dexterity (+6).
   Fly:       It grants you flight.
   +Blink:    It lets you blink.
   *Slow:     It may slow you when you take damage.
 B - a ring of fire
Wands
 l - a wand of charming (10)
 p - a wand of roots (7)
 y - a wand of digging (4)
Scrolls
 n - a scroll of identify
 o - a scroll of teleportation
 s - a scroll of magic mapping {unknown}
 w - a scroll of torment {unknown}
 C - a scroll of immolation
Potions
 e - 2 potions of curing
 j - a potion of magic
 q - a potion of might {unknown}
 r - a potion of brilliance {unknown}
 u - 2 potions of lignification
 z - a potion of flight {unknown}
 A - a potion of cancellation {unknown}


   Skills:
 + Level 6.6 Fighting
 + Level 9.2 Maces & Flails
 * Level 7.0 Armour
 + Level 5.3 Dodging
 + Level 4.0 Stealth
 * Level 3.0 Evocations


You had 9 spell levels left.
You didn't know any spells.
Your spell library was empty.

Dungeon Overview and Level Annotations

Branches:
Dungeon (7/15)             Temple (0/1) D:5          Bailey (visited)

Altars:
Nemelex Xobeh
Okawaru
Ru
Zin
The Shining One


Innate Abilities, Weirdness & Mutations

You are immune to sickness and miasma.
Your stone body is resilient. (AC +7)
You are immune to poison.
You resist negative energy. (rN+)
You are resistant to electric shocks. (rElec)
You are resistant to unholy torment.
You are immune to petrification.


Message History

You feel a strong urge to attack something.
The orc knight hits you but does no damage.
The orc warrior completely misses you.
There is an open door here.
The orc warrior hits you from afar with a +0 halberd.
You feel your anger nearly subside.
You are no longer berserk.
You are exhausted.
You feel yourself slow down. The orc warrior closely misses you.
There is a gate leading back out of this place here.
You closely miss the orc warrior.
The orc knight hits you from afar with a +0 halberd.
The orc warrior closely misses you.
You hit the orc warrior.
Your weapon exudes an aura of protection.
The orc warrior is lightly wounded.
The orc knight closely misses you.
The orc warrior hits you with a +0 halberd.
The orc knight closely misses you. The orc warrior barely misses you.
You thump the orc warrior!
The orc warrior is heavily wounded.
The orc knight hits you but does no damage.
The orc warrior misses you.
You hit the orc warrior.
The orc warrior is severely wounded.
The orc warrior no longer looks unusually strong.
The orc knight roars a battlecry!
The orc warrior goes into a battle-frenzy!
The orc warrior hits you but does no damage.
The orc knight hits you but does no damage.
The orc warrior hits you with a +0 halberd!
* * * LOW HITPOINT WARNING * * *
The orc knight hits you but does no damage.
The orc warrior barely misses you.
Welcome back to the Dungeon!
There is an empty arch of ancient stone here.
You hit the orc warrior.
The orc warrior is almost dead.
The orc warrior closely misses you.
The orc warrior hits you with a +0 halberd!
You die...

#†# #.##.########
#..#.....)).#
#####.#.######.#
#..............#
#......~≈~~~~≈.#
#......~##.##~.#
#......~#...#≈.#
#......≈#.@.#≈.#
#......≈#..o#~.#
#......≈#####~.#
#......~~≈≈~~~.#
#....).........#
####.......#.######
........)....#
.###.......###
##..<..##


You could see an orc warrior (strong).

Vanquished Creatures
  Maggie (D:7)
  A steam dragon (D:6)
  Edmund (D:6)
  Menkaure (D:7)
  A water moccasin (D:6)
  4 orc warriors
  An ice beast (D:6)
  An ogre (D:4)
  A black bear (D:4)
  2 sky beasts (D:7)
  2 phantoms
  A centaur (D:6)
  A kobold brigand (D:6)
  A bullfrog (D:6)
  A necrophage (D:6)
  A gnoll sergeant (D:6)
  5 scorpions
  A wight (D:6)
  6 killer bees (D:6)
  A howler monkey (D:6)
  6 orc priests
  2 hounds (D:6)
  11 orc wizards
  5 iguanas
  Robin (D:1)
  10 gnolls
  8 adders
  A shadow imp (D:6)
  3 worms
  3 dart slugs
  35 orcs
  5 endoplasms
  4 giant cockroaches
  14 goblins
  16 hobgoblins
  8 jackals
  10 kobolds
  5 quokkas
  3 ball pythons
  7 bats
  19 frilled lizards
  3 rats
213 creatures vanquished.

Vanquished Creatures (others)
  5 plants (D:3)
5 creatures vanquished.

Grand Total: 218 creatures vanquished

Notes
Turn   | Place    | Note
-------+----------+-------------------------------------------
     0 | D:1      | KittyFluff the Gargoyle Berserker began the quest for the
                  | Orb.
     0 | D:1      | Reached XP level 1. HP: 14/14 MP: 1/1
   230 | D:1      | Reached XP level 2. HP: 19/19 MP: 2/2
   764 | D:2      | Noticed Robin
   775 | D:1      | Reached XP level 3. HP: 20/23 MP: 3/3
   847 | D:1      | Killed Robin
  1385 | D:2      | Reached ** piety under Trog
  1516 | D:2      | Reached XP level 4. HP: 16/29 MP: 4/4
  1659 | D:2      | Found a faded altar of an unknown god.
  2734 | D:3      | Found an iron altar of Okawaru.
  3045 | D:3      | Reached skill level 4 in Maces & Flails
  3045 | D:3      | Reached XP level 5. HP: 28/33 MP: 5/5
  3310 | D:3      | Reached *** piety under Trog
  3331 | D:3      | Found a glowing silver altar of Zin.
  3553 | D:3      | Found a sacrificial altar of Ru.
  4151 | D:4      | Identified the ring of Ignis, Crafting {*Slow +Blink Fly
                  | Int+6 Dex+6}
  4484 | D:4      | Noticed an ogre
  4493 | D:4      | Killed an ogre
  4494 | D:4      | Reached XP level 6. HP: 38/38 MP: 6/6
  4684 | D:4      | Found a sparkling altar of Nemelex Xobeh.
  4711 | D:4      | Reached skill level 5 in Maces & Flails
  4826 | D:4      | Reached skill level 1 in Stealth
  5100 | D:4      | Reached XP level 7. HP: 35/44 MP: 7/7
  5459 | D:5      | Entered Level 5 of the Dungeon
  5765 | D:4      | Reached skill level 6 in Maces & Flails
  6238 | D:5      | Found a glowing golden altar of the Shining One.
  6255 | D:5      | Reached XP level 8. HP: 40/48 MP: 8/8
  6415 | D:5      | Found a staircase to the Ecumenical Temple.
  6516 | D:5      | Reached skill level 5 in Fighting
  6846 | D:5      | Reached skill level 5 in Armour
  7173 | D:6      | Reached **** piety under Trog
  7423 | D:6      | Reached skill level 7 in Maces & Flails
  7822 | D:6      | Reached XP level 9. HP: 54/55 MP: 9/9
  8041 | D:6      | Reached skill level 8 in Maces & Flails
  8428 | D:6      | Noticed Edmund
  8473 | D:6      | Killed Edmund
  8474 | D:6      | Reached skill level 1 in Evocations
  9163 | D:7      | Noticed Menkaure
  9170 | D:7      | Killed Menkaure
  9177 | D:7      | Noticed Maggie
  9192 | D:7      | Killed Maggie
  9193 | D:7      | Reached skill level 9 in Maces & Flails
  9193 | D:7      | Reached skill level 5 in Dodging
  9498 | D:6      | Reached XP level 10. HP: 61/61 MP: 10/10
  9612 | D:7      | Found a flagged portal.
  9619 | Bailey   | Entered a bailey
  9720 | Bailey   | Reached ***** piety under Trog
  9863 | Bailey   | Noticed an orc knight
 10032 | D:7      | Slain by an orc warrior

Illustrated notes

Levels and vault maps discovered:
D:1:      dpeg_arrival_water_altar, layout_loops_ring
D:2:      layout_rooms, dreamdust_ecumenical_altar_grove, uniq_robin
D:3:      layout_basic, zin_treasury, nicolae_ru_path_of_blood,
          mainiacjoe_overflow_small_starburst, minmay_lizard_king
D:4:      layout_gridville, nemelex_dance_club_becter, sigmund_army
D:5:      layout_gridville, kennysheep_little_box, minmay_temple_entry_junction
D:6:      layout_basic, minmay_misc_feat_tiny, kennysheep_generic_room_6,
          uniq_edmund
D:7:      layout_loops_ring, marbit_many_paths,
          nicolae_gozag_cash_rules_everything_around_me,
          mainiacjoe_overflow_catwalk, enter_bailey_3, serial_shops,
          nicolae_shop_hallway_plus, grunt_ministairs_1, uniq_maggie,
          uniq_menkaure, uniq_duvessa

Skill      XL: |  1  2  3  4  5  6  7  8  9 10 |
---------------+-------------------------------+-----
Dodging        | 2 3 4 5 |  5.3
Armour         | 3 4 5 6 7 |  7.0
Maces & Flails | 4 5 6 7 9 |  9.2
Fighting       | 4 5 6 |  6.6
Stealth        | 1 2 3 4 |  4.0
Evocations     | 2 3 |  3.0

Action                   |  1- 3 |  4- 6 |  7- 9 | 10-12 || total
-------------------------+-------+-------+-------+-------++-------
Melee: Mace              |   107 |   271 |   339 |       ||   717
       Punch             |     1 |     1 |    10 |     2 ||    14
       Flail             |       |       |   101 |    93 ||   194
Throw: Dart              |       |       |       |     2 ||     2
Invok: Berserk           |     1 |     4 |     9 |     1 ||    15
  Use: Potion            |     1 |       |     2 |       ||     3
       Scroll            |       |       |     8 |       ||     8
 Stab: Invisible         |     1 |       |       |       ||     1
       Sleeping          |       |     1 |     2 |       ||     3
       Distracted        |       |       |       |     1 ||     1
Armor: Animal skin       |    77 |    25 |       |       ||   102
       Leather armour    |       |   101 |   270 |    18 ||   389
       Swamp dragon scal |       |       |       |    22 ||    22
       Skin              |       |       |       |     1 ||     1
Dodge: Dodged            |   117 |   174 |   397 |    88 ||   776
